 Dungeon Crawl Stone Soup version 0.23.2-33-g5129a83184 (webtiles) character file.

Game seed: 342109889126143265

236 psyvane the Bolt Thrower (level 6, -5/34 HPs)
             Began as a Kobold Arcane Marksman on July 18, 2019.
             Slain by Blork the orc
             ... wielding a +2 trident of protection
              (10 damage)
             ... on level 4 of the Dungeon.
             The game lasted 00:15:03 (4148 turns).

psyvane the Bolt Thrower (Kobold Arcane Marksman)   Turns: 4148, Time: 00:15:04

Health: -5/34      AC:  9    Str:  8    XL:     6   Next: 27%
Magic:  2/7        EV: 14    Int: 15    God:
Gold:   138        SH:  0    Dex: 16    Spells: 1/7 levels left

rFire    . . .     SeeInvis .   h - +0 dagger (elec)
rCold    . . .     Gourm    .   (shield restricted)
rNeg     . . .     Faith    .   t - +3 leather armour
rPois    .         Spirit   .   (no helmet)
rElec    .         Reflect  .   (no cloak)
rCorr    .         Harm     .   q - +2 pair of gloves
MR       .....                  (no boots)
Stlth    +.........             (no amulet)
HPRegen  0.11/turn              (no ring)
MPRegen  0.10/turn              (no ring)

@: about to teleport
A: small, carnivore
a: no special abilities


You were on level 4 of the Dungeon.
You were completely stuffed.

You visited 1 branch of the dungeon, and saw 4 of its levels.

You collected 138 gold pieces.

Inventory:

Hand Weapons
 a - a +0 hand crossbow
 h - a +0 dagger of electrocution (weapon)
 m - a +3 mace
Armour
 e - a +0 robe
 p - a +0 buckler
 q - a +2 pair of gloves (worn)
 t - a +3 leather armour (worn)
Scrolls
 b - a scroll of fog {unknown}
 j - 3 scrolls of teleportation
 k - 2 scrolls of remove curse
 o - a scroll of magic mapping {unknown}
 s - 3 scrolls of identify
 u - a scroll of enchant armour {unknown}
 v - a scroll of amnesia {unknown}
 w - a scroll of noise {unknown}
Potions
 c - a potion of might
 g - a potion of cancellation {unknown}
 i - 2 potions of heal wounds
 l - 3 potions of haste {unknown}
 n - a potion of lignification {unknown}
Comestibles
 f - 5 rations
 r - 4 chunks of flesh


   Skills:
 - Level 1.1 Fighting
 - Level 5.2 Crossbows
 - Level 2.4 Dodging
 - Level 1.1 Spellcasting
 * Level 5.2 Hexes


You had one spell level left.
You knew the following spells:

 Your Spells              Type           Power        Failure   Level  Hunger
a - Corona                Hex            ###....      4%          1    ##.....
b - Slow                  Hex            ###.....     6%          2    ###....
c - Inner Flame           Hex/Fire       #.......     34%         3    ####...

Your spell library contained the following spells:

 Spells                   Type           Power        Failure   Level  Hunger
 Portal Projectile        Hex/Tloc       #.....       36%         3    ####...
 Cause Fear               Hex            ###.......   38%         4    #####..
 Leda's Liquefaction      Hex/Erth       #.........   77%         4    #####..


Dungeon Overview and Level Annotations

Branches:
Dungeon (4/15)
 Temple: D:4-7

Altars:

Annotations:
D:3 1 runed translucent door, Crazy Yiuf
D:4 Blork the orc


Innate Abilities, Weirdness & Mutations

You are small and have problems with some larger weapons.
You are carnivorous and can eat meat at any time.


Message History

Blork the orc hits you with a +2 trident of protection.
Blork the orc screams, "Die!"
Blork the orc closely misses you.
You hit Blork the orc but do no damage.
Blork the orc is lightly wounded.
Blork the orc barely misses you.
You hit Blork the orc but do no damage.
Blork the orc is lightly wounded.
Blork the orc hits you with a +2 trident of protection.
You hit Blork the orc but do no damage.
Blork the orc is lightly wounded.
Blork the orc gestures at you while chanting.
The puff of frost hits you but does no damage.
Blork the orc casts a spell at you. The magic dart hits you!
* * * LOW HITPOINT WARNING * * *
As you read the scroll of teleportation, it crumbles to dust.
You feel strangely unstable.
Blork the orc hits you with a +2 trident of protection!
You die...

#.. ..........#.. #.(
...........#.. #.(
...........#^. ######.(
...........#.. #...<...
...........#.. #......(
..........#..
#.....#(########.......#..
#.....'.o..#...#.......###
#....%#..@.#...####'##....
#.....#....'.........#....
#.o...#....#.........#..).
%oo....#....#.........#..<.
[......#...##...##....#....
....o..###########....#....
....... #+####.... #....
#....


You could see Blork the orc.

Vanquished Creatures
  An orc wizard (D:4)
  An orc priest (D:4)
  9 adders
  3 worms
  2 dart slugs
  3 leopard geckos (D:1)
  14 orcs
  3 ball pythons (D:2)
  2 giant cockroaches
  6 goblins
  2 hobgoblins (D:2)
  A jackal (D:3)
  A quokka (D:2)
  6 bats
  6 frilled lizards
  5 kobolds
  12 rats
77 creatures vanquished.

Notes
Turn   | Place    | Note
-------+----------+-------------------------------------------
     0 | D:1      | psyvane the Kobold Arcane Marksman began the quest for the
                  | Orb.
     0 | D:1      | Reached XP level 1. HP: 12/12 MP: 2/2
    73 | D:1      | Reached XP level 2. HP: 16/16 MP: 3/3
    77 | D:1      | Learned a level 2 spell: Slow
   933 | D:1      | Reached XP level 3. HP: 14/20 MP: 0/4
  1494 | D:2      | Reached XP level 4. HP: 16/25 MP: 3/5
  1671 | D:2      | Reached skill level 5 in Crossbows
  2790 | D:3      | Reached XP level 5. HP: 29/29 MP: 4/6
  2961 | D:3      | Learned a level 3 spell: Inner Flame
  3221 | D:3      | Found a runed translucent door.
  3222 | D:3      | Noticed Crazy Yiuf
  3995 | D:4      | Reached XP level 6. HP: 34/34 MP: 1/7
  4004 | D:4      | Reached skill level 5 in Hexes
  4117 | D:4      | Noticed Blork the orc
  4148 | D:4      | Slain by Blork the orc

Skill      XL: |  1  2  3  4  5  6 |
---------------+-------------------+-----
Crossbows      | 3 4 5 |  5.2
Hexes          | 4 5 |  5.2
Fighting       | |  1.1
Dodging        | |  2.4
Spellcasting   | |  1.1

Action                   |  1- 3 |  4- 6 || total
-------------------------+-------+-------++-------
Melee: Hand axe          |    21 |       ||    21
       Mace              |     6 |    55 ||    61
       Dagger            |       |    44 ||    44
 Fire: Hand crossbow     |    34 |    66 ||   100
 Cast: Corona            |    23 |    61 ||    84
       Slow              |     1 |     4 ||     5
       Inner Flame       |       |     1 ||     1
  Use: Scroll            |     2 |     4 ||     6
 Stab: Sleeping          |       |     2 ||     2
  Eat: Chunk             |    11 |    11 ||    22
Armor: Robe              |     7 |     9 ||    16
       Leather armour    |       |    26 ||    26
Dodge: Dodged            |    30 |   106 ||   136
